SAA
IRVING BLUE SOX @ LONG ISLAND SEAWOLVES
09/16/2021
 
TOP OF THE 1ST
Irving Blue Sox batting - Pitching for Long Island Seawolves : RHP Jim Unknown
Pitching: RHP Jim Unknown
Batting: RHB Alfredo Chávez 0-0: Ball
1-0: Ball
2-0: Called Strike
2-1: Ground out 6-3 (Groundball, 6)
Batting: LHB Kyle James 0-0: Ball
1-0: Foul Ball, location: 2F
1-1: Swinging Strike
1-2: Ball
2-2: Ball
3-2: Base on Balls
Batting: RHB Stewart Ralston 0-0: Ball
1-0: Foul Ball, location: 2F
1-1: Called Strike
1-2: Ball
2-2: Ball
3-2: Reached on error, E5 (Groundball, 5L)
Kyle James to second
Batting: RHB Júlio López 0-0: Ball
1-0: Foul Ball, location: 2F
1-1: Swinging Strike
1-2: Ball
2-2: Ball
3-2: Strikes out looking
Batting: RHB Jorge López 0-0: SINGLE (Groundball, 6MD)
Kyle James to third
Stewart Ralston to second
Runner from 3rd tries for Home, SAFE, throw made home
Stewart Ralston to third
Jorge López to second
Batting: RHB Coy Poston 0-0: SINGLE (Groundball, 4M)
Stewart Ralston scores
Jorge López to third
Runner from 3rd tries for Home, SAFE, no throw or cutoff
Batting: RHB Dennis Newell 0-0: Ball
1-0: SINGLE (Groundball, 56)
Coy Poston to second
Batting: RHB Dustin Johnstone 0-0: Ball
1-0: Foul Ball, location: 2F
1-1: Foul Ball, location: 2F
1-2: Ball
2-2: DOUBLE (Flyball, 7LD)
Coy Poston scores
Dennis Newell to third
Runner from 3rd tries for Home, SAFE, no throw or cutoff
Batting: LHB Ramón Rivera 0-0: Ground out 6-3 (Groundball, 6M)
Top of the 1st over - 5 run(s), 4 hit(s), 1 error(s), 1 left on base; Irving 5 - Long Island 0
BOTTOM OF THE 1ST
Long Island Seawolves batting - Pitching for Irving Blue Sox : RHP Pat Hunt
Pitching: RHP Pat Hunt
Batting: RHB Francisco García 0-0: Called Strike
0-1: Ball
1-1: Called Strike
1-2: Fly out, F7 (Line Drive, 7S)
Batting: RHB Jim Unknown 0-0: Called Strike
0-1: Fly out, F8 (Flyball, 8LXD)
Batting: SHB Carroll Kline 0-0: Fly out, F6 (Popup, 5D)
Bottom of the 1st over - 0 run(s), 0 hit(s), 0 error(s), 0 left on base; Irving 5 - Long Island 0
TOP OF THE 2ND
Irving Blue Sox batting - Pitching for Long Island Seawolves : RHP Jim Unknown
Batting: RHB Alfredo Chávez 0-0: Ball
1-0: Foul Ball, location: 2F
1-1: Ball
2-1: Ball
3-1: Ground out 6-3 (Groundball, 56)
Batting: LHB Kyle James 0-0: SINGLE (Line Drive, 78S)
Batting: RHB Stewart Ralston 0-0: Reached on error, E6 (Groundball, 6)
Kyle James to second
Batting: RHB Júlio López 0-0: Grounds into double play, 6-4-3 (Groundball, 6)
Top of the 2nd over - 0 run(s), 1 hit(s), 1 error(s), 1 left on base; Irving 5 - Long Island 0
BOTTOM OF THE 2ND
Long Island Seawolves batting - Pitching for Irving Blue Sox : RHP Pat Hunt
Batting: RHB Roy Clay 0-0: Ball
1-0: Foul Ball, location: 2F
1-1: Ball
2-1: Ball
3-1: Called Strike
3-2: Foul Ball, location: 2F
3-2: Base on Balls
Batting: SHB Terry Conley 0-0: Ball
1-0: Called Strike
1-1: Ball
2-1: Ball
3-1: Base on Balls
Roy Clay to second
Batting: RHB Jim Unknown 0-0: Called Strike
0-1: Ball
1-1: TRIPLE (Line Drive, 8RM)
Roy Clay scores
Terry Conley scores
Batting: LHB Jim Unknown 0-0: Fly out, F7 (Line Drive, 7S)
Batting: LHB Jim Unknown 0-0: Ball
1-0: Called Strike
1-1: Swinging Strike
1-2: Ball
2-2: Fly out, F8 (Flyball, 8LXD)
Runner from 3rd tags up, SCORES, no throw
Batting: RHB David Morales 0-0: Ball
1-0: Ball
2-0: Ball
3-0: Called Strike
3-1: Fly out, F6 (Popup, 5D)
Bottom of the 2nd over - 3 run(s), 1 hit(s), 0 error(s), 0 left on base; Irving 5 - Long Island 3
TOP OF THE 3RD
Irving Blue Sox batting - Pitching for Long Island Seawolves : RHP Jim Unknown
Batting: RHB Jorge López 0-0: Ball
1-0: Foul Ball, location: 2F
1-1: Called Strike
1-2: Strikes out swinging
Batting: RHB Coy Poston 0-0: Called Strike
0-1: Ball
1-1: Called Strike
1-2: Foul Ball, location: 2F
1-2: Strikes out looking
Batting: RHB Dennis Newell 0-0: Ball
1-0: Ball
2-0: SINGLE (Groundball, 3D)
Batting: RHB Dustin Johnstone 0-0: Ball
1-0: Called Strike
1-1: Swinging Strike
1-2: Fielders Choice at 2nd, 5-4 (Groundball, 5)
Top of the 3rd over - 0 run(s), 1 hit(s), 0 error(s), 0 left on base; Irving 5 - Long Island 3
BOTTOM OF THE 3RD
Long Island Seawolves batting - Pitching for Irving Blue Sox : RHP Pat Hunt
Batting: RHB Francisco García 0-0: Ball
1-0: Ball
2-0: Swinging Strike
2-1: Foul Ball, location: 2F
2-2: Ball
3-2: Strikes out swinging
Batting: RHB Jim Unknown 0-0: Fly out, F9 (Flyball, 89S)
Batting: SHB Carroll Kline 0-0: Called Strike
0-1: Fly out, F7 (Flyball, 7LM)
Bottom of the 3rd over - 0 run(s), 0 hit(s), 0 error(s), 0 left on base; Irving 5 - Long Island 3
TOP OF THE 4TH
Irving Blue Sox batting - Pitching for Long Island Seawolves : RHP Jim Unknown
Batting: LHB Ramón Rivera 0-0: Foul Ball, location: 2F
0-1: Ball
1-1: Ground out 4-3 (Groundball, 13)
Batting: RHB Alfredo Chávez 0-0: Foul Ball, location: 2F
0-1: Swinging Strike
0-2: SINGLE (Groundball, 56D)
Batting: LHB Kyle James 0-0: Called Strike
0-1: Foul Ball, location: 2F
0-2: Ball
1-2: Foul Ball, location: 2F
1-2: Strikes out swinging
Batting: RHB Stewart Ralston 0-0: Ball
1-0: Called Strike
1-1: Ball
2-1: Ball
3-1: Base on Balls
Alfredo Chávez to second
Batting: RHB Júlio López 0-0: Ball
1-0: DOUBLE (Flyball, 8LXD)
Alfredo Chávez scores
Stewart Ralston to third
Runner from 3rd tries for Home, SAFE, no throw or cutoff
Pitching: RHP Jim Unknown
Batting: RHB Jorge López 0-0: SINGLE (Line Drive, 6M)
Júlio López to third
Batting: RHB Coy Poston 0-0: Ball
1-0: Called Strike
1-1: Ground out 6-3 (Groundball, 6)
Top of the 4th over - 2 run(s), 3 hit(s), 0 error(s), 2 left on base; Irving 7 - Long Island 3
BOTTOM OF THE 4TH
Long Island Seawolves batting - Pitching for Irving Blue Sox : RHP Pat Hunt
Batting: RHB Roy Clay 0-0: SINGLE (Line Drive, 89M)
Batting: SHB Terry Conley 0-0: Called Strike
0-1: Swinging Strike
0-2: Ball
1-2: Ball
2-2: SINGLE (Flyball, 89S)
Roy Clay to second
Batting: RHB Jim Unknown 0-0: Swinging Strike
0-1: Ball
1-1: Fly out, F7 (Flyball, 78S)
Batting: LHB Jim Unknown 0-0: Foul Ball, location: 2F
0-1: Fly out, F7 (Flyball, 78D)
Batting: LHB Jim Unknown 0-0: Ground out 4-3 (Groundball, 4)
Bottom of the 4th over - 0 run(s), 2 hit(s), 0 error(s), 2 left on base; Irving 7 - Long Island 3
TOP OF THE 5TH
Irving Blue Sox batting - Pitching for Long Island Seawolves : RHP Jim Unknown
Batting: RHB Dennis Newell 0-0: Ball
1-0: Foul Ball, location: 2F
1-1: Foul Ball, location: 2F
1-2: Strikes out swinging
Batting: RHB Dustin Johnstone 0-0: Foul Ball, location: 2F
0-1: Ball
1-1: SINGLE (Groundball, 6M)
Batting: LHB Ramón Rivera 0-0: Called Strike
0-1: Called Strike
0-2: Ball
1-2: Ball
2-2: Ball
3-2: Foul Ball, location: 2F
3-2: Base on Balls
Dustin Johnstone to second
Batting: RHB Alfredo Chávez 0-0: Ball
1-0: Swinging Strike
1-1: Called Strike
1-2: SINGLE (Popup, 89S)
Dustin Johnstone to third
Ramón Rivera to second
Batting: LHB Kyle James 0-0: Ball
1-0: Ball
2-0: Grounds into double play, 4-6-3 (Groundball, 34)
Top of the 5th over - 0 run(s), 2 hit(s), 0 error(s), 2 left on base; Irving 7 - Long Island 3
BOTTOM OF THE 5TH
Long Island Seawolves batting - Pitching for Irving Blue Sox : RHP Pat Hunt
Batting: RHB David Morales 0-0: Ball
1-0: Fly out, F3 (Popup, 3F)
Batting: RHB Francisco García 0-0: Ball
1-0: Ball
2-0: Ball
3-0: Base on Balls
Batting: RHB Jim Unknown 0-0: Foul Ball, location: 2F
0-1: Foul Ball, location: 2F
0-2: Ball
1-2: SINGLE (Line Drive, 34D)
Francisco García to second
Batting: SHB Carroll Kline 0-0: Ball
1-0: Ball
2-0: Swinging Strike
2-1: Swinging Strike
2-2: Ball
3-2: Base on Balls
Francisco García to third
Jim Unknown to second
Batting: RHB Roy Clay 0-0: Ball
1-0: Ball
2-0: Ball
3-0: Base on Balls
Francisco García scores
Jim Unknown to third
Carroll Kline to second
Pitching: RHP Jim Meyer
Batting: SHB Terry Conley 0-0: Called Strike
0-1: Ball
1-1: Called Strike
1-2: Strikes out looking
Batting: RHB Jim Unknown 0-0: Fly out, F8 (Flyball, 8LM)
Bottom of the 5th over - 1 run(s), 1 hit(s), 0 error(s), 3 left on base; Irving 7 - Long Island 4
TOP OF THE 6TH
Irving Blue Sox batting - Pitching for Long Island Seawolves : RHP Jim Unknown
Batting: RHB Stewart Ralston 0-0: Called Strike
0-1: Fly out, F9 (Flyball, 9M)
Batting: RHB Júlio López 0-0: Called Strike
0-1: Ball
1-1: Reached on error, E1 (Groundball, 13)
Batting: RHB Jorge López 0-0: Called Strike
0-1: Called Strike
0-2: Ball
1-2: Strikes out swinging
Batting: RHB Coy Poston 0-0: Ball
1-0: Ball
2-0: Fielders Choice at 2nd, U6 (Groundball, 6MD)
Top of the 6th over - 0 run(s), 0 hit(s), 1 error(s), 1 left on base; Irving 7 - Long Island 4
BOTTOM OF THE 6TH
Long Island Seawolves batting - Pitching for Irving Blue Sox : RHP Jim Meyer
Batting: LHB Jim Unknown 0-0: Called Strike
0-1: Ball
1-1: SINGLE (Line Drive, 34D)
Batting: LHB Jim Unknown 0-0: Ball
1-0: TRIPLE (Flyball, 78D)
Jim Unknown scores
Batting: RHB David Morales 0-0: Called Strike
0-1: Ball
1-1: Ball
2-1: Swinging Strike
2-2: Ball
3-2: Ground out U3 (Groundball, 3)
Batting: RHB Francisco García 0-0: Foul Ball, location: 2F
0-1: Called Strike
0-2: Ball
1-2: Foul Ball, location: 2F
1-2: Ball
2-2: Ball
3-2: Ground out 6-3 (Groundball, 6M)
Jim Unknown scores
Batting: RHB Jim Unknown 0-0: Ball
1-0: Fly out, F9 (Flyball, 89M)
Bottom of the 6th over - 2 run(s), 2 hit(s), 0 error(s), 0 left on base; Irving 7 - Long Island 6
TOP OF THE 7TH
Irving Blue Sox batting - Pitching for Long Island Seawolves : RHP Jim Unknown
Batting: RHB Dennis Newell 0-0: Foul Ball, location: 2F
0-1: Ball
1-1: Fly out, F3 (Popup, 3F)
Batting: RHB Dustin Johnstone 0-0: Ground out 6-3 (Groundball, 6)
Batting: LHB Ramón Rivera 0-0: Ball
1-0: Ground out 4-3 (Groundball, 34)
Top of the 7th over - 0 run(s), 0 hit(s), 0 error(s), 0 left on base; Irving 7 - Long Island 6
BOTTOM OF THE 7TH
Long Island Seawolves batting - Pitching for Irving Blue Sox : RHP Jim Meyer
Batting: SHB Carroll Kline 0-0: Ball
1-0: Ball
2-0: Ball
3-0: Base on Balls
Batting: RHB Roy Clay 0-0: Fly out, F8 (Flyball, 89XD)
Batting: SHB Terry Conley 0-0: Ball
1-0: Called Strike
1-1: Ball
2-1: 2-RUN HOME RUN (Flyball, 9LD), Distance : 341 ft
Pitching: LHP John Hamilton
Batting: RHB Jim Unknown 0-0: Called Strike
0-1: Ball
1-1: SINGLE (Groundball, 34)
Batting: LHB Jim Unknown 0-0: Called Strike
0-1: Ball
1-1: Ball
2-1: SINGLE (Groundball, 25) (infield hit)
Jim Unknown to second
Pinch Hitting: SHB Jim Unknown 0-0: Swinging Strike
0-1: DOUBLE (Flyball, 78D)
Jim Unknown scores
Jim Unknown to third
Batting: RHB David Morales 0-0: Foul Ball, location: 2F
0-1: Foul Ball, location: 2F
0-2: Foul Ball, location: 2F
0-2: Foul Ball, location: 2F
0-2: Ball
1-2: Ball
2-2: Foul Ball, location: 2F
2-2: Ball
3-2: Ground out 6-3 (Groundball, 6)
Batting: RHB Francisco García 0-0: Ball
1-0: Ball
2-0: Ball
3-0: Base on Balls
Batting: RHB Jim Unknown 0-0: Ball
1-0: Foul Ball, location: 2F
1-1: Ball
2-1: Ball
3-1: Foul Ball, location: 2F
3-2: Foul Ball, location: 2F
3-2: Base on Balls
Jim Unknown scores
Jim Unknown to third
Francisco García to second
Batting: SHB Carroll Kline 0-0: Called Strike
0-1: Ball
1-1: Swinging Strike
1-2: Ball
2-2: Fly out, F9 (Flyball, 89D)
Bottom of the 7th over - 4 run(s), 4 hit(s), 0 error(s), 3 left on base; Irving 7 - Long Island 10
TOP OF THE 8TH
Irving Blue Sox batting - Pitching for Long Island Seawolves : RHP Jim Unknown
Now at 1B: Jim Unknown
Batting: RHB Alfredo Chávez 0-0: Ball
1-0: Ball
2-0: Ball
3-0: Base on Balls
Pitching: LHP Jim Unknown
Batting: LHB Kyle James 0-0: Ball
1-0: Ball
2-0: Fly out, F9 (Flyball, 9M)
Pitching: RHP Hänsel Freeh
Batting: RHB Stewart Ralston 0-0: SINGLE (Line Drive, 7S)
Alfredo Chávez to second
Batting: RHB Júlio López 0-0: Foul Ball, location: 2F
0-1: SINGLE (Flyball, 78S)
Alfredo Chávez to third
Stewart Ralston to second
Pinch Hitting: RHB Will Hunter 0-0: Called Strike
0-1: Foul Ball, location: 2F
0-2: SINGLE (Groundball, 6MD)
Alfredo Chávez scores
Stewart Ralston to third
Júlio López to second
Pinch Hitting: SHB Curt Finley 0-0: Ball
1-0: Foul Ball, location: 2F
1-1: Swinging Strike
1-2: Ball
2-2: Strikes out swinging
Batting: RHB Dennis Newell 0-0: Ground out U3 (Groundball, 3)
Top of the 8th over - 1 run(s), 3 hit(s), 0 error(s), 3 left on base; Irving 8 - Long Island 10
BOTTOM OF THE 8TH
Long Island Seawolves batting - Pitching for Irving Blue Sox : LHP John Hamilton
Now at 2B: Curt Finley
Now at SS: Gilberto Díaz
Batting: RHB Roy Clay 0-0: Ball
1-0: Ground out 5-3 (Groundball, 5S)
Batting: SHB Terry Conley 0-0: Called Strike
0-1: Ball
1-1: Ground out 5-3 (Groundball, 5)
Batting: RHB Jim Unknown 0-0: SINGLE (Groundball, 4MD)
Batting: LHB Jim Unknown 0-0: Called Strike
0-1: Ball
1-1: Ground out 4-3 (Groundball, 4)
Bottom of the 8th over - 0 run(s), 1 hit(s), 0 error(s), 1 left on base; Irving 8 - Long Island 10
TOP OF THE 9TH
Irving Blue Sox batting - Pitching for Long Island Seawolves : RHP Hänsel Freeh
Pitching: RHP Jim Unknown
Batting: RHB Dustin Johnstone 0-0: Ball
1-0: Ball
2-0: Called Strike
2-1: Foul Ball, location: 2F
2-2: Strikes out swinging
Batting: LHB Ramón Rivera 0-0: Foul Ball, location: 2F
0-1: Foul Ball, location: 2F
0-2: Ball
1-2: Ball
2-2: Ball
3-2: Foul Ball, location: 2F
3-2: Ground out U3 (Groundball, 3)
Batting: RHB Alfredo Chávez 0-0: Called Strike
0-1: Foul Ball, location: 2F
0-2: Ball
1-2: Fly out, F9 (Flyball, 9S)
Top of the 9th over - 0 run(s), 0 hit(s), 0 error(s), 0 left on base; Irving 8 - Long Island 10
This league is powered by Out of the Park Baseball, the baseball management simulation game for PC, Mac and Linux
Friday, January 22nd, 2016 - OOTP Baseball 16.9 Build 39